 Seeded DCSS version 0.31-a0-237-g2d982f9f85 (webtiles) character file.

Game seed: 17534068631569876614 (custom seed)

41 innerfire43 the Cudgeller (level 3, 0/29 HPs)
             Began as a Demonspawn Monk on July 11, 2023.
             Slain by Terence
             ... wielding a +0 heavy falchion
              (9 damage)
             ... on level 2 of the Dungeon.
             The game lasted 00:01:23 (1064 turns).

innerfire43 the Cudgeller (Demonspawn Monk)         Turns: 1064, Time: 00:01:24

Health: 0/29       AC:  2    Str: 13    XL:     3   Next: 32%
Magic:  3/3        EV:  8    Int: 11    God:
Gold:   48         SH: 11    Dex: 15    Spells: 2/2 levels left

rFire   . . .        a - +0 mace
rCold   . . .        i - +0 tower shield
rNeg    . . .        b - +0 robe
rPois   .            (no helmet)
rElec   .            (no cloak)
rCorr   .            (no gloves)
SInv    +            (no boots)
Will    .....        l - amulet of the acrobat
Stlth   +            c - ring of see invisible
HPRegen 0.24/turn    (no ring)
MPRegen 0.08/turn

%: acrobat
@: no status effects
A: demonic magic 1
a: no special abilities


You were on level 2 of the Dungeon.
You visited 1 branch of the dungeon, and saw 2 of its levels.

You collected 48 gold pieces.

Inventory:

Hand Weapons
 a - a +0 mace (weapon)
Armour
 b - a +0 robe (worn)
 d - an orb of light
 i - a +0 tower shield (worn)
Jewellery
 c - a ring of see invisible (left hand)
 l - an amulet of the acrobat (around neck)
Scrolls
 e - 3 scrolls of amnesia {unknown}
 f - 3 scrolls of identify {unknown}
 g - 2 scrolls of immolation {unknown}
 j - a scroll of noise {unknown}
Potions
 h - 2 potions of haste {unknown}
 k - a potion of curing {unknown}
 m - a potion of attraction {unknown}
 n - a potion of lignification {unknown}
 o - a potion of invisibility {unknown}
 p - 2 potions of heal wounds {unknown}


   Skills:
 - Level 3.0 Fighting
 + Level 3.1 Maces & Flails
 * Level 1.8 Armour
 - Level 3.0 Dodging
 * Level 0.3 Shields


You had 2 spell levels left.
You didn't know any spells.
Your spell library was empty.

Dungeon Overview and Level Annotations

Branches:
Dungeon (2/15)

Altars:

Annotations:
D:2 Terence


Innate Abilities, Weirdness & Mutations

Spells you cast may paralyse adjacent enemies.


Message History

a +0 dagger; 4 stones A frilled lizard comes into view.
A frilled lizard is nearby!
A frilled lizard is nearby!
Terence the Incautious comes into view.
He is wielding a +0 heavy falchion.
Found 6 stones.
There are monsters nearby!
There are monsters nearby!
The frilled lizard hisses angrily.
You hit the frilled lizard.
You kill the frilled lizard!
Terence hits you with a +0 heavy falchion!
Ouch! That really hurt!
You are too injured to fight recklessly!
You are too injured to fight recklessly!
You hit Terence.
Terence is moderately wounded.
You block Terence's attack.
You hit Terence.
Terence is heavily wounded.
You block Terence's attack.
You hit Terence.
Terence is heavily wounded.
Terence barely misses you.
You hit Terence.
Terence is severely wounded.
You block Terence's attack.
You hit Terence but do no damage.
Terence is severely wounded.
Terence hits you with a +0 heavy falchion.
You hit Terence but do no damage.
Terence is severely wounded.
Terence screams, "I'm going to kill you!"
Terence hits you with a +0 heavy falchion.
* * * LOW HITPOINT WARNING * * *
Terence hits you but does no damage.
You barely miss Terence.
Terence is severely wounded.
Terence hits you with a +0 heavy falchion!
You die...

############# #............
#.##.######## #.##.# # ####.##.#
#### #.#####....##.# ##...
#...@@..#####.####..##
#.(......#####.......##
#..#............########
.........###....#######. ..
.......#.###............
#....###......#......#.#####...
#.....##.......#........###..#.
###.....##....................#..
.....#...########.......>....##.#


You could see Terence.

Vanquished Creatures
  2 dart slugs
  2 endoplasms
  A giant cockroach (D:1)
  5 goblins
  3 hobgoblins (D:1)
  7 kobolds
  2 quokkas (D:1)
  2 ball pythons
  3 bats
  4 frilled lizards
  4 rats
35 creatures vanquished.

Notes
Turn   | Place    | Note
-------+----------+-------------------------------------------
     0 | D:1      | innerfire43 the Demonspawn Monk began the quest for the
                  | Orb.
     0 | D:1      | Reached XP level 1. HP: 18/18 MP: 1/1
    92 | D:1      | Reached skill level 1 in Armour
    92 | D:1      | Gained mutation: Spells you cast may paralyse adjacent
                  | enemies. [demonic ancestry]
    92 | D:1      | Reached XP level 2. HP: 24/24 MP: 2/2
   454 | D:1      | Reached XP level 3. HP: 29/29 MP: 3/3
  1054 | D:2      | Noticed Terence
  1064 | D:2      | Slain by Terence

Illustrated notes

Levels and vault maps discovered:
D:1:      shiori_arrival_maze, layout_rooms, minmay_misc_feat_diagonals,
          minmay_crystal_room
D:2:      layout_rooms, fountainhead, solitary_fountain, uniq_terence

Skill      XL: |  1  2 |
---------------+-------+-----
Armour         | 1 |  1.8
Maces & Flails | 3 |  3.1
Dodging        | 3 |  3.0
Fighting       | |  3.0
Shields        | |  0.3

Action                     || total
---------------------------++-------
  Melee: Mace              ||    94
    Use: Potion            ||     1
   Stab: Sleeping          ||     1
 Armour: Robe              ||    18
  Dodge: Dodged            ||    57
  Block: Tower shield      ||    18

Table legend: (Time is in decaauts)
 A = Elapsed time spent in this place.
 B = Non-inter-level travel time spent in this place.
 C = Inter-level travel time spent in this place.
 D = Time resting spent in this place.
 E = Time spent auto-exploring this place.
 F = Levels seen in this place.
 G = Mean time per level.
                   A        B        C        D        E       F      G
               +--------+--------+--------+--------+--------+-----+--------+
         Total |   1102 |    981 |    121 |      0 |    722 |   2 |  551.0 |
       Dungeon |   1102 |    981 |    121 |      0 |    722 |   2 |  551.0 |
               +--------+--------+--------+--------+--------+-----+--------+

Top non-repeatable levels by time:
     D:1: 748 daAuts
     D:2: 353 daAuts
